 Dungeon Crawl Stone Soup version 0.18.0-1-g0107ab7 (webtiles) character file.

24 Hsing the Sneak (level 3, -2/24 HPs)
             Began as an Octopode Assassin on May 5, 2016.
             Slain by Sigmund
             ... wielding a +0 scythe
              (11 damage)
             ... on level 2 of the Dungeon.
             The game lasted 00:03:41 (1314 turns).

Hsing the Sneak (Octopode Assassin)                 Turns: 1314, Time: 00:03:41

Health: -2/24      AC:  1    Str: 10    XL:     3   Next: 2%
Magic:  3/3        EV: 12    Int: 13    God:
Gold:   94         SH:  0    Dex: 14    Spells: 0 memorised, 2 levels left

rFire  + . .     SeeInvis .     b - +0 blowgun
rCold  x . .     Gourm    .     (no shield)
rNeg   . . .     Faith    .     (helmet restricted)
rPois  .         Spirit   .     (no amulet)
rElec  .         Dismiss  .     m - ring of fire
rCorr  .         Reflect  .     (no ring)
SustAt .         Harm     .     (no ring)
MR     .....                    (no ring)
Stlth  +++.......               (no ring)
                                (no ring)
                                (no ring)
                                (no ring)

@: confused, flying, not resistant to hostile enchantments, fairly stealthy
A: almost no armour, amphibious, 8 rings, constrict 8, camouflage 1, gelatinous
body 1
a: no special abilities


You were on level 2 of the Dungeon.
You were not hungry.

You visited 1 branch of the dungeon, and saw 2 of its levels.

You collected 94 gold pieces.

Inventory:

Hand Weapons
 a - a +2 dagger
 b - a +0 blowgun (weapon)
Jewellery
 m - a ring of fire (left tentacle)
Scrolls
 e - 2 scrolls of identify
 g - 3 scrolls of immolation {unknown}
 h - 3 scrolls of blinking
 i - 2 scrolls of random uselessness {unknown}
 j - 2 scrolls of remove curse {unknown}
 k - a scroll of magic mapping {unknown}
Potions
 n - a potion of brilliance {unknown}
Comestibles
 f - a bread ration


   Skills:
 + Level 2.0 Fighting
 + Level 2.1 Short Blades
 + Level 2.0 Throwing
 + Level 1.2 Dodging
 + Level 6.4 Stealth


You had 2 spell levels left.
You didn't know any spells.

Dungeon Overview and Level Annotations

Branches:
Dungeon (2/15)

Altars:
Fedhas

Annotations:
D:2 Sigmund


Innate Abilities, Weirdness & Mutations

You cannot wear most types of armour.
You are amphibious.
You can wear up to eight rings at the same time.
You can use your tentacles to constrict eight enemies at once.
Your skin changes colour to match your surroundings (Stealth).
Your rubbery body absorbs attacks (AC +1).


Message History

Sigmund barely misses you.
Found a ring mail.
You see here a poisoned needle.
c - 2 poisoned needles (gained 1) Sigmund barely misses you.
Firing (i - inventory):
c - 2 poisoned needles (quivered)
Press: ? - help, Shift-Dir - straight line, f/p - Sigmund
Aim: Sigmund, wielding a scythe and wearing a robe (moderately wounded)
You shoot a poisoned needle.
The poisoned needle closely misses Sigmund.
Firing (i - inventory):
c - a poisoned needle (quivered)
Press: ? - help, Shift-Dir - straight line, f/p - Sigmund
Aim: Sigmund, wielding a scythe and wearing a robe (moderately wounded)
You shoot a poisoned needle.
The poisoned needle closely misses Sigmund.
Sigmund gestures at you while chanting.
You are confused.
You bump into the rock wall.
Sigmund hits you from afar with a scythe!
You die...

........# ........#
...$....# .b........
....[....# .........#
#### #.# #!.(#
....#####.# #..@#
.......(..# ##.## ##
##..#.##..#####@#
....
##....##....(..#.....
###......###†.......#
######>.....##.<...#
#........†### .(...#
####....#..### ....#
§§......#.## ....#


You could see Sigmund and a bat (sleeping).

Vanquished Creatures
  A worm (D:2)
  A giant gecko (D:1)
  A giant cockroach (D:1)
  2 goblins
  A hobgoblin (D:2)
  4 jackals (D:2)
  3 kobolds
  A ball python (D:2)
  A bat (D:2)
  3 rats
18 creatures vanquished.

Notes
Turn   | Place    | Note
--------------------------------------------------------------
     0 | D:1      | Hsing the Octopode Assassin began the quest for the Orb.
     0 | D:1      | Reached XP level 1. HP: 14/14 MP: 1/1
   310 | D:1      | Reached skill level 6 in Stealth
   310 | D:1      | Reached XP level 2. HP: 9/19 MP: 2/2
   660 | D:2      | Found a blossoming altar of Fedhas.
  1274 | D:2      | Reached XP level 3. HP: 23/24 MP: 3/3
  1276 | D:2      | Noticed Sigmund
  1314 | D:2      | Slain by Sigmund

Skill      XL: |  1 |
---------------+----+-----
Stealth        | 6 |  6.4
Fighting       | |  2.0
Short Blades   | |  2.1
Throwing       | |  2.0
Dodging        | |  1.2

Action                   || total
-------------------------++-------
Melee: Dagger            ||    35
       Constrict         ||     7
       Tentacles         ||     2
 Fire: Blowgun           ||    20
  Use: Scroll            ||     2
       Potion            ||     1
 Stab: Sleeping          ||     4
       Distracted        ||     2
  Eat: Pizza             ||     1
Dodge: Dodged            ||    17
